 Dungeon Sprint DCSS version 0.22.0-21-g8bd1b0a (webtiles) character file.

11800000 poirepourri the Middleweight Champion (level 27, -15/271 (273) HPs)
             Began as a Ghoul Gladiator on Aug 19, 2018.
             Was the Champion of Makhleb.
             Killed from afar by a large bag of meat (24 damage)
             ... with an exploding inner flame
             ... in the Dungeon (Sprint VIII: "Arena of Blood").
             The game lasted 00:02:43 (118 turns).

poirepourri the Middleweight Champion (GhGl)         Turns: 118, Time: 00:02:43

HP:   -15/271 (273) AC:  8    Str: 22    XL:     27
MP:   43/53         EV: 34    Int:  3    God:    Makhleb [******]
Gold: 0             SH:  0    Dex: 19    Spells: 80/80 levels left

rFire    . . .     SeeInvis .   k - +∞ Axe of Woe
rCold    + . .     Gourm    .   (shield currently unavailable)
rNeg     + + +     Faith    .   a - +0 leather armour
rPois    ∞         Spirit   .   b - +0 helmet
rElec    .         Reflect  .   (no cloak)
rCorr    .         Harm     .   (no gloves)
MR       ++...     NoTele   +   (no boots)
Stlth    +++++++++.             (no amulet)
HPRegen  0.00/turn              (no ring)
MPRegen  0.33/turn              (no ring)

@: rotting
A: rotting body, claws 1, carnivore, cold resistance 1, negative energy
resistance 3, inhibited regeneration, torment resistance, unbreathing
a: Minor Destruction, Lesser Servant of Makhleb, Major Destruction, Greater
Servant of Makhleb, Renounce Religion


You were in the Dungeon.
You worshipped Makhleb.
Makhleb was exalted by your worship.
You were not hungry.

You visited 1 branch

Inventory:

Hand Weapons
 k - the +∞ Axe of Woe (weapon)
   (You found it in the Dungeon)
Missiles
 c - 3 throwing nets (quivered)
Armour
 a - a +0 leather armour (worn)
 b - a +0 helmet (worn)
Scrolls
 j - a scroll of blinking
Potions
 e - a potion of curing
 f - a potion of heal wounds
 g - a potion of haste
 h - 2 potions of magic
 i - a potion of berserk rage
Comestibles
 d - a ration


   Skills:
 O Level 27 Fighting
 O Level 27 Axes
 O Level 27 Throwing
 O Level 27 Armour
 O Level 27 Dodging
 O Level 27 Stealth
 O Level 27 Unarmed Combat
 O Level 27 Spellcasting
 O Level 27 Invocations


You had 80 spell levels left.
You didn't know any spells.
Your spell library was empty.

Dungeon Overview and Level Annotations

Branches:
Dungeon (1/1)

Altars:
Makhleb


Innate Abilities, Weirdness & Mutations

Your body is rotting away.
You thrive on raw meat.
You are immune to poison.
You have sharp fingernails.
You are carnivorous and can eat meat at any time.
Your flesh is cold resistant. (rC+)
You are immune to negative energy. (rN+++)
You do not regenerate when monsters are visible.
You are immune to unholy pain and torment.
You can survive without breathing.


Message History

The reaper hits you from afar with a scythe of slicing!!
* * * LOW HITPOINT WARNING * * *
x2 The large abomination barely misses you.
The tyrant waves its bony arms in wide circles.
The air twists around and strikes you!
* * * LOW HITPOINT WARNING * * *
You hear a shout!
The bag of meat moves out of view.
You hear an angry hiss.
You hear a shout!
You slice the large abomination!!
You pulverise the large abomination into a thin bloody mist.
You destroy the large abomination!
You hear a shout! x6
Unknown command.
Press < or > to pray at altars.
You slice the large bag of meat!!
You butcher the large bag of meat messily.
The large bag of meat explodes!
The fiery explosion engulfs the tyrant.
The fiery explosion engulfs you!
You die...

...... ..... ..
#.... .# O. #...
..# ..o###...
..###.
.W..%.XX###......
#..W.XL§.2......
#§§...# #@)<%_#
#))...#
#O..o.))§_......
ooO....X###......
...###... ..###.
o2 #.X. ..# #..L.
.# .%... ..
......


You could see a tentacled monstrosity, 2 tyrants, a reaper and 3 large
abominations.

Vanquished Creatures
  4 hell beasts (D)
  2 greater mummies (D)
  A great orb of eyes (D)
  2 wraiths (D)
  14 vampire knights (D)
  25 ogres (D)
  3 two-headed ogres (D)
  6 liches (D)
  A hydra (D)
  32 orcs (D)
  3 phantoms (D)
  5 skeletal warriors (D)
  A sea snake (D)
  2 large abominations (D)
  2 small abominations (D)
  2 crawling corpses (D)
105 creatures vanquished.

Vanquished Creatures (others)
  3 crawling corpses (D)
3 creatures vanquished.

Grand Total: 108 creatures vanquished

Notes
Turn   | Place    | Note
-------+----------+-------------------------------------------
     0 | D        | Found the +∞ Axe of Woe
     0 | D        | poirepourri the Ghoul Gladiator began the quest for the Orb.
     0 | D        | Reached XP level 1. HP: 17/17 MP: 0/0
     2 | D        | Noticed a bag of meat
     2 | D        | Noticed a meat berserker
     3 | D        | Noticed a bag of meat
     4 | D        | Became a worshipper of Makhleb the Destroyer
     4 | D        | Noticed a bag of meat
     6 | D        | Noticed a bag of meat
     7 | D        | Killed a meat berserker
     7 | D        | Reached skill level 10 in Throwing
     7 | D        | Reached XP level 2. HP: 44/44 MP: 1/1
     7 | D        | Reached XP level 3. HP: 50/50 MP: 2/2
     7 | D        | Reached XP level 4. HP: 58/58 MP: 3/3
     7 | D        | Reached XP level 5. HP: 64/64 MP: 4/4
     7 | D        | Reached XP level 6. HP: 72/72 MP: 5/5
     7 | D        | Reached XP level 7. HP: 79/79 MP: 6/6
     7 | D        | Reached XP level 8. HP: 86/86 MP: 7/7
     7 | D        | Reached XP level 9. HP: 93/93 MP: 8/8
     7 | D        | Reached XP level 10. HP: 101/101 MP: 9/9
     7 | D        | Reached XP level 11. HP: 107/107 MP: 10/10
     7 | D        | Reached XP level 12. HP: 115/115 MP: 11/11
     7 | D        | Reached XP level 13. HP: 122/122 MP: 12/12
     7 | D        | Noticed a bag of meat
     8 | D        | Noticed a meat berserker
     9 | D        | Killed a bag of meat
     9 | D        | Reached * piety under Makhleb
     9 | D        | Reached XP level 14. HP: 132/132 MP: 13/13
     9 | D        | Noticed a bag of meat
    10 | D        | Killed a bag of meat
    10 | D        | Reached skill level 15 in Fighting
    10 | D        | Reached skill level 5 in Axes
    10 | D        | Noticed a bag of meat
    10 | D        | Noticed a bag of meat
    11 | D        | Killed a bag of meat
    11 | D        | Reached XP level 15. HP: 123/143 MP: 14/14
    11 | D        | Killed a meat berserker
    11 | D        | Reached ** piety under Makhleb
    11 | D        | Reached skill level 27 in Unarmed Combat
    11 | D        | Reached XP level 16. HP: 134/156 MP: 15/15
    12 | D        | Reached skill level 10 in Axes
    12 | D        | Reached skill level 1 in Armour
    12 | D        | Reached skill level 15 in Throwing
    13 | D        | Noticed a meat berserker
    14 | D        | Reached *** piety under Makhleb
    14 | D        | Reached skill level 27 in Dodging
    14 | D        | Reached XP level 17. HP: 160/172 MP: 16/16
    14 | D        | Reached skill level 15 in Axes
    14 | D        | Reached skill level 5 in Armour
    17 | D        | Killed a meat berserker
    17 | D        | Reached **** piety under Makhleb
    17 | D        | Reached XP level 18. HP: 195/195 MP: 17/17
    17 | D        | Noticed a meat berserker
    18 | D        | Reached skill level 27 in Fighting
    18 | D        | Reached skill level 10 in Armour
    18 | D        | Noticed a destroyer
    18 | D        | Noticed a destroyer
    19 | D        | Reached XP level 19. HP: 206/206 MP: 18/18
    20 | D        | Noticed a large bag of meat
    21 | D        | Killed a destroyer
    21 | D        | Reached ***** piety under Makhleb
    21 | D        | Reached skill level 27 in Axes
    21 | D        | Noticed a destroyer
    22 | D        | Noticed a destroyer
    23 | D        | Killed a meat berserker
    23 | D        | Reached skill level 27 in Throwing
    23 | D        | Reached XP level 20. HP: 99/215 MP: 19/19
    24 | D        | Killed a destroyer
    25 | D        | Noticed a destroyer
    27 | D        | Killed a destroyer
    27 | D        | Reached skill level 27 in Armour
    27 | D        | Reached XP level 21. HP: 223/223 MP: 20/20
    27 | D        | Reached skill level 15 in Stealth
    28 | D        | Killed a destroyer
    28 | D        | Reached skill level 15 in Spellcasting
    28 | D        | Noticed a large bag of meat
    29 | D        | Reached XP level 22. HP: 232/232 MP: 20/41
    29 | D        | Killed a destroyer
    29 | D        | Reached ****** piety under Makhleb
    29 | D        | Reached skill level 27 in Stealth
    29 | D        | Killed a large bag of meat
    29 | D        | Reached skill level 27 in Invocations
    29 | D        | Reached XP level 23. HP: 239/239 MP: 20/49
    32 | D        | Noticed a destroyer
    33 | D        | Reached skill level 27 in Spellcasting
    36 | D        | Killed a large bag of meat
    36 | D        | Reached XP level 24. HP: 248/248 MP: 22/53
    38 | D        | Killed a destroyer
    41 | D        | Noticed a destroyer
    41 | D        | Noticed a destroyer
    42 | D        | Reached XP level 25. HP: 238/256 MP: 23/53
    42 | D        | Noticed a destroyer
    43 | D        | Killed a destroyer
    47 | D        | Reached XP level 26. HP: 265/265 MP: 25/53
    48 | D        | Noticed a tyrant
    49 | D        | Noticed a tyrant
    51 | D        | Noticed a destroyer
    52 | D        | Killed a destroyer
    52 | D        | Noticed a destroyer
    53 | D        | Reached XP level 27. HP: 271/271 MP: 26/53
    55 | D        | Noticed a tyrant
    56 | D        | Killed a tyrant
    56 | D        | Killed a destroyer
    57 | D        | Killed a destroyer
    58 | D        | Killed a tyrant
    58 | D        | Noticed a meat beast
    60 | D        | Killed a destroyer
    60 | D        | Noticed a tyrant
    63 | D        | Killed a tyrant
    63 | D        | Killed a meat beast
    65 | D        | Noticed a dread
    67 | D        | Killed a tyrant
    69 | D        | Noticed a meat beast
    71 | D        | Noticed a tyrant
    73 | D        | Killed a meat beast
    74 | D        | Killed a dread
    75 | D        | Noticed a destroyer
    78 | D        | Noticed a meat beast
    81 | D        | Killed a tyrant
    81 | D        | Killed a destroyer
    83 | D        | Killed a meat beast
    87 | D        | Noticed a large bag of meat
    88 | D        | Noticed a meat beast
    91 | D        | Noticed a dread
    91 | D        | Noticed a dread
    91 | D        | Noticed a destroyer
    91 | D        | Noticed a large bag of meat
    93 | D        | Noticed a meat beast
    94 | D        | Noticed a tyrant
    96 | D        | Killed a destroyer
    96 | D        | Noticed an accursed
    97 | D        | Killed a large bag of meat
    98 | D        | Killed a meat beast
    98 | D        | Noticed a tyrant
    98 | D        | Noticed a tyrant
    99 | D        | Noticed an accursed
   102 | D        | Killed a dread
   104 | D        | Killed an accursed
   107 | D        | Killed a tyrant
   109 | D        | Noticed a large bag of meat
   111 | D        | Noticed a destroyer
   112 | D        | Killed an accursed
   112 | D        | Noticed a tyrant
   114 | D        | Killed a destroyer
   116 | D        | HP: 9/271 [tyrant/the air (33)]
   118 | D        | Killed a large bag of meat
   118 | D        | Killed from afar by a large bag of meat

Skill      XL: |  1  2  3  4  5  6  7  8  9 10 11 12 13 14 15 16 17 18 19 20 21 22 23 |
---------------+----------------------------------------------------------------------+-----
Fighting       | 13 14 16 18 21 26 27 | 27.0
Axes           | 4 6 8 13 19 23 27 | 27.0
Throwing       | 10 11 12 14 16 19 21 27 | 27.0
Dodging        | 18 20 22 24 27 | 27.0
Unarmed Combat | 21 23 25 27 | 27.0
Armour         | 4 8 10 16 27 | 27.0
Stealth        | 22 27 | 27.0
Spellcasting   | 16 23 27 | 27.0
Invocations    | 20 27 | 27.0

Action                   |  1- 3 |  4- 6 |  7- 9 | 10-12 | 13-15 | 16-18 | 19-21 | 22-24 | 25-27 || total
-------------------------+-------+-------+-------+-------+-------+-------+-------+-------+-------++-------
Melee: Executioner's axe |     1 |       |       |       |     3 |     6 |     6 |     7 |    55 ||    78
Armor: Leather armour    |       |       |       |       |       |       |       |       |     1 ||     1
Dodge: Dodged            |       |       |       |       |     1 |     1 |     1 |       |     7 ||    10
